 Dungeon Crawl Stone Soup version 0.28.0-45-g0d030f2227 (webtiles) character file.

Game seed: 18177133053469117753

54510 issech the Carver (level 14, -5/107 (123) HPs)
             Began as a Troll Monk on Apr 10, 2022.
             Was a High Priest of Hepliaklqana.
             Slain by Rupert
             ... wielding a +1 great sword of draining
              (8 damage)
             ... on level 4 of the Lair of Beasts on Apr 11, 2022.
             The game lasted 01:53:22 (22373 turns).

issech the Carver (Troll Monk)                     Turns: 22373, Time: 01:53:22

HP:   -5/107 (123)  AC: 10    Str: 22    XL:     14   Next: 34%
MP:   13/13         EV: 15    Int:  6    God:    Hepliaklqana [*****.]
Gold: 659           SH:  0    Dex: 16    Spells: 13/13 levels left

rFire   + . .      SeeInvis .   A - +6 long sword "Orb Guardian's Doom" {flame, rF+ rCorr}
rCold   . . .      Faith    .   q - +0 tower shield
rNeg    . . .      Spirit   .   G - +0 acid dragon scales
rPois   .          Reflect  +   (helmet restricted)
rElec   .          Harm     .   e - +0 cloak
rCorr   +          Rampage  .   (gloves unavailable)
Will    +....                   (boots unavailable)
Stlth   +.........              t - amulet of reflection
HPRegen 1.07/turn               S - +4 ring of evasion
MPRegen 0.13/turn               M - +4 ring of slaying

@: confused, heavily drained
A: reduced essence, large, unfitting armour, claws 3, regeneration 1, shaggy fur
1, tough skin 1, mutation resistance 1
a: Renounce Religion, Recall Ancestor, Ancestor Identity, Transference, Idealise


You were on level 4 of the Lair of Beasts.
You worshipped Hepliaklqana.
Hepliaklqana was extremely pleased with you.
You visited 3 branches of the dungeon, and saw 21 of its levels.
You also visited: Ossuary.

You collected 1152 gold pieces.
You spent 493 gold pieces at shops.

Inventory:

Hand Weapons
 g - the +5 broad axe of Dust {antimagic, Dex+3}
   (You found it on level 14 of the Dungeon)

   It reduces the magical energy of the wielder, and disrupts the spells and
   magical abilities of those it strikes.
   Natural abilities and divine invocations are not affected.
   Dex:       It affects your dexterity (+3).
 A - the +6 long sword "Orb Guardian's Doom" (weapon) {flame, rF+ rCorr}
   (You found it on level 4 of the Dungeon)

   It burns those it strikes, dealing additional fire damage.
   Big, fiery blades are also staple armaments of hydra-hunters.
   rF:        It protects you from fire.
   rCorr:     It protects you from acid and corrosion.
 B - the +5 scythe of Lifal {protect, rC+ Int+4}
   (You found it on level 3 of the Lair of Beasts)

   It grants its wielder temporary protection when it strikes (+7 to AC).
   Int:       It affects your intelligence (+4).
   rC:        It protects you from cold.
 R - a +3 flail
 U - a +0 giant spiked club of protection
Missiles
 h - 351 stones
 s - 65 sling bullets
 x - 418 arrows
 z - 199 bolts
 F - 8 boomerangs
 J - 36 poisoned darts
 V - 16 boomerangs of dispersal
 W - 3 atropa-tipped darts
 X - 5 large rocks (quivered)
 Y - 5 curare-tipped darts
Armour
 e - a +0 cloak (worn)
 l - a +0 troll leather armour
 q - a +0 tower shield (worn)
 G - +0 acid dragon scales (worn)
 L - a +2 robe of positive energy
Jewellery
 d - a +6 ring of dexterity
 j - a +4 ring of evasion
 t - an amulet of reflection (around neck)
 u - a ring of protection from cold
 D - a ring of willpower
 M - a +4 ring of slaying (right claw)
 S - a +4 ring of evasion (left claw)
Wands
 y - a wand of iceblast (12)
 K - a wand of polymorph (11)
 P - a wand of flame (19)
 T - a wand of acid (6)
Scrolls
 a - 6 scrolls of magic mapping
 b - 2 scrolls of enchant weapon
 i - a scroll of silence
 k - 5 scrolls of fear
 n - 8 scrolls of teleportation
 E - 2 scrolls of enchant armour
 I - a scroll of brand weapon
 O - 2 scrolls of blinking
 Z - 2 scrolls of fog
Potions
 c - 3 potions of brilliance
 m - 3 potions of flight
 o - 8 potions of curing
 p - 4 potions of heal wounds
 r - a potion of cancellation
 v - 3 potions of ambrosia
 w - a potion of might
 C - a potion of haste
 H - 3 potions of resistance
 N - a potion of mutation
Miscellaneous
 f - a condenser vane
 Q - a phial of floods


   Skills:
 + Level 8.4 Fighting
 + Level 12.0 Long Blades
 + Level 4.9 Maces & Flails
 + Level 4.9 Throwing
 + Level 4.8 Armour
 + Level 8.7 Dodging
 + Level 4.2 Stealth
 + Level 10.2 Shields


You had 13 spell levels left.
You didn't know any spells.
Your spell library contained the following spells:

 Spells                   Type           Power      Damage    Failure   Level
 Animate Skeleton         Necr           0%         N/A       94%         1
 Foxfire                  Conj/Fire      0%         2x1d4     94%         1
 Magic Dart               Conj           0%         1d3       94%         1
 Pain                     Necr           0%         1d4       94%         1
 Slow                     Hex            0%         N/A       94%         1
 Sting                    Tmut/Pois      0%         1d3       94%         1
 Corpse Rot               Necr/Air       0%         N/A       98%         2
 Ensorcelled Hibernation  Hex/Ice        0%         N/A       98%         2
 Passwall                 Tmut/Erth      0%         N/A       98%         2
 Poisonous Vapours        Pois/Air       0%         N/A       98%         2
 Searing Ray              Conj           0%         2d4       98%         2
 Call Canine Familiar     Summ           0%         N/A       100%        3
 Confusing Touch          Hex            0%         N/A       100%        3
 Dazzling Flash           Conj/Hex       0%         N/A       100%        3
 Ignite Poison            Fire/Tmut/Pois 0%         N/A       100%        3
 Inner Flame              Hex/Fire       0%         N/A       100%        3
 Mephitic Cloud           Conj/Pois/Air  0%         N/A       100%        3
 Portal Projectile        Hex/Tloc       0%         N/A       100%        3
 Spider Form              Tmut/Pois      0%         N/A       100%        3
 Swiftness                Air            0%         N/A       100%        3
 Tukima's Dance           Hex            0%         N/A       100%        3
 Vampiric Draining        Necr           0%         2d6       100%        3
 Anguish                  Hex/Necr       0%         N/A       100%        4
 Cause Fear               Hex            0%         N/A       100%        4
 Fulminant Prism          Conj/Hex       0%         3d6       100%        4
 Leda's Liquefaction      Hex/Erth       0%         N/A       100%        4
 Olgreb's Toxic Radiance  Pois           0%         N/A       100%        4
 Passage of Golubria      Tloc           0%         N/A       100%        4
 Agony                    Necr           0%         N/A       100%        5
 Freezing Cloud           Conj/Ice/Air   0%         6-21      100%        5
 Silence                  Hex/Air        0%         N/A       100%        5
 Yara's Violent Unravell  Hex/Tmut       0%         3d3       100%        5
 Simulacrum               Ice/Necr       0%         N/A       100%        6
 Enfeeble                 Hex            0%         N/A       100%        7
 Orb of Destruction       Conj           0%         9d5       100%        7
 Spellforged Servitor     Conj/Summ      0%         N/A       100%        7
 Discord                  Hex            0%         N/A       100%        8
 Polar Vortex             Ice            0%         N/A       100%        9


Dungeon Overview and Level Annotations

Branches:
Dungeon (15/15)            Temple (1/1) D:7            Lair (5/6) D:10
 Shoals (0/4) Lair:4        Snake (0/4) Lair:4          Orc (0/2) D:9
 Vaults (0/5) D:13        Ossuary (visited)
  Slime: Lair:5-6    Depths: D:15

Altars:
Ashenzari
Cheibriados
Dithmenos
Elyvilon
Fedhas
Gozag
Hepliaklqana
Kikubaaqudgha
Makhleb
Nemelex Xobeh
Okawaru
Qazlal
Ru
Sif Muna
Trog
Uskayaw
Vehumet
Wu Jian
Xom
Yredelemnul
Zin
The Shining One

Shops:
D:5 =   D:6 (   D:12 ?   D:14 :

Annotations:
Lair:4 Rupert


Innate Abilities, Weirdness & Mutations

Your life essence is reduced to manifest your ancestor. (-10% HP)
You are too large for most types of armour.
You have claws for hands.
Your natural rate of healing is unusually fast.
You are covered in fur. (AC +1)
You have tough skin. (AC +1)
You are somewhat resistant to further mutation.


Message History

The blink frog blinks!
Appius points at the yak and mumbles some strange words.
The stone arrow hits the yak!
The yak dies!
Rupert yells loudly at you.
You suddenly lose the ability to move!
Your Long Blades skill increases to level 12!
Appius hits Rupert with a +0 quarterstaff!
The yak gores you!
Something closely misses Appius.
The yak gores you but does no damage. Rupert yells loudly at you.
You are confused.
The blink frog blinks!
Appius casts a spell at Rupert.
The puff of frost misses Rupert.
The yak gores you!
The yak barely misses Appius.
Appius casts a spell at Rupert.
The puff of frost hits Rupert!
The yak gores Appius!
The yak gores you!
Rupert roars madly and goes into a rage!
Rupert goes berserk!
Rupert rages.
You can move again.
You slash Rupert! You burn Rupert.
Rupert is moderately wounded.
The blink frog blinks!
Rupert misses you.
You slash Rupert! You burn Rupert.
Rupert is heavily wounded.
Rupert hits you with a +1 great sword of draining!!
You feel drained.
Appius hits Rupert with a +0 quarterstaff!
The yak barely misses Appius.
The yak gores you.
Rupert hits you with a +1 great sword of draining!!
You feel drained.
* * * LOW HITPOINT WARNING * * *
Appius hits Rupert with a +0 quarterstaff!!
The yak gores Appius.
Rupert hits you with a +1 great sword of draining!!
* * * LOW HITPOINT WARNING * * *
You feel drained.
You die...

....... #....# ...# ....YF.
#...# ...# #....Y.
#...##...# #..§..@#####
##...#.#.## #
#......†...###...#.#..P#...
#..........†FF....†........
######.##..##Y†Y†>.........
## ##.###R@.....##.### ###
#.@.†..#.# # #...#...##
#### ##..###...# #..##
##...# #...## #...# #P...#
#....# ##...# #...## #...##
##...#####...# #..## ....
#.....##....##
#...#####...#
##....####...#
##...##...... #


You could see the friendly Appius the battlemage, Rupert (berserk, ally target),
2 yaks and 2 blink frogs.

Vanquished Creatures
  Agnes (D:14)
  Kirke (D:14)
  Snorg (D:11)
  A boulder beetle (Lair:2)
  7 hydras
  5 two-headed ogres
  2 centaur warriors (D:14)
  A wizard (D:15)
  An orc knight (D:13)
  A deep elf pyromancer (D:15)
  2 cyclopes (D:13)
  6 ugly things
  3 manticores
  2 orc sorcerers (D:15)
  2 black mambas
  An elephant (D:10)
  2 gargoyles
  A centaur zombie (D:11)
  4 kobold demonologists
  2 cane toads
  5 komodo dragons
  A rime drake (Lair:2)
  3 trolls
  A hornet (D:9)
  8 blink frogs
  A slime creature (D:14)
  A wraith (D:10)
  13 yaks
  5 wyverns
  A hog (D:14)
  A steam dragon (D:6)
  4 vampire mosquitoes
  2 acid dragons
  8 water moccasins
  4 orc warriors
  2 ice beasts (D:5)
  3 black bears
  3 sky beasts
  5 ogres
  2 boggarts (D:14)
  9 wolves
  A necrophage (D:7)
  3 centaurs
  6 kobold brigands
  A gnoll sergeant (D:6)
  2 scorpions
  5 bullfrogs
  An oklob sapling (D:9)
  A killer bee (D:9)
  5 wights (D:10)
  3 howler monkeys (D:9)
  2 hounds
  A jelly (D:4)
  A centaur skeleton (D:4)
  8 orc priests
  A bullfrog skeleton (D:6)
  3 gnoll shamans (D:5)
  Ijyb (D:3)
  3 iguanas
  7 orc wizards
  A killer bee zombie (D:9)
  A mummy (Ossuary)
  13 gnolls
  A howler monkey zombie (D:9)
  A river rat (D:11)
  7 adders
  A shadow imp (D:6)
  An adder zombie (Ossuary)
  2 adder skeletons
  3 worms
  3 dart slugs
  27 orcs
  8 ball pythons
  5 endoplasms
  A giant cockroach (D:4)
  6 goblins
  5 hobgoblins
  2 jackals (D:5)
  23 kobolds
  5 quokkas
  4 bats
  4 frilled lizards
  A goblin skeleton (D:6)
  4 goblin zombies
  7 hobgoblin zombies
  A jackal zombie (D:8)
  6 kobold zombies
  8 orc zombies (Ossuary)
  4 rats
  A rat zombie (Ossuary)
339 creatures vanquished.

Vanquished Creatures (collateral kills)
  2 boulder beetles
  Erica (D:8)
  2 hydras
  A two-headed ogre (D:9)
  An orange crystal statue (D:11)
  A deep elf pyromancer (D:14)
  3 ugly things (D:13)
  An oklob plant (D:9)
  5 slime creatures
  3 black mambas
  A cane toad (Lair:2)
  A gargoyle (D:13)
  4 komodo dragons
  2 kobold demonologists
  A rime drake (Lair:4)
  A troll (shapeshifter) (D:13)
  4 trolls
  A merfolk (Lair:4)
  4 blink frogs
  3 shadows
  A wraith (D:9)
  8 yaks
  A hog (D:14)
  3 wyverns
  A basilisk (D:14)
  A steam dragon (D:9)
  6 vampire mosquitoes
  6 water moccasins
  2 orc warriors
  2 black bears (D:10)
  5 wolves
  6 centaurs
  A boggart (D:14)
  An elf zombie (Ossuary)
  A kobold brigand (D:11)
  5 bullfrogs
  A scorpion (D:9)
  A wyvern zombie (D:9)
  2 killer bees (D:9)
  3 wights (D:10)
  3 centaur zombies
  2 orc priests
  A hound (D:9)
  A jelly (D:8)
  4 orc wizards
  A mummy (Ossuary)
  3 adders (D:9)
  2 river rats (D:11)
  14 orcs
  5 kobolds
  2 ball pythons (D:9)
  8 hobgoblin zombies (Ossuary)
  2 jackal zombies (Ossuary)
  A kobold zombie (Ossuary)
  3 orc zombies (Ossuary)
  A bush (Lair:3)
152 creatures vanquished.

Vanquished Creatures (others)
  2 humans (D:14)
  A centaur (D:14)
  An orc wizard (D:6)
  15 battlemagi
  An orc (D:6)
  3 bushes
  33 fungi
  53 plants
109 creatures vanquished.

Grand Total: 600 creatures vanquished

Notes
Turn   | Place    | Note
-------+----------+-------------------------------------------
     0 | D:1      | issech the Troll Monk began the quest for the Orb.
     0 | D:1      | Reached XP level 1. HP: 22/22 MP: 0/0
   235 | D:1      | Reached XP level 2. HP: 29/29 MP: 1/1
   733 | D:2      | Found a faded altar of an unknown god.
   784 | D:2      | Reached XP level 3. HP: 9/36 MP: 2/2
  1650 | D:3      | Reached XP level 4. HP: 38/44 MP: 3/3
  2100 | D:3      | Noticed Ijyb
  2122 | D:3      | Killed Ijyb
  2313 | D:4      | Identified the +6 long sword "Orb Guardian's Doom" {flame,
                  | rF+ rCorr}
  2648 | D:4      | Found an iron altar of Okawaru.
  2712 | D:4      | Reached XP level 5. HP: 52/53 MP: 4/4
  2896 | D:5      | Entered Level 5 of the Dungeon
  2920 | D:5      | Noticed a black bear
  2935 | D:5      | Killed a black bear
  2936 | D:5      | Reached skill level 1 in Long Blades
  2936 | D:5      | Reached XP level 6. HP: 56/61 MP: 5/5
  3017 | D:5      | Found a sparkling altar of Nemelex Xobeh.
  3018 | D:5      | Found an opulent altar of Gozag.
  3057 | D:5      | Noticed an ice beast
  3193 | D:5      | Reached skill level 2 in Long Blades
  3193 | D:5      | Reached skill level 1 in Shields
  3193 | D:5      | Reached XP level 7. HP: 54/67 MP: 6/6
  3571 | D:5      | Reached skill level 3 in Long Blades
  3600 | D:5      | Reached XP level 8. HP: 46/78 MP: 7/7
  3801 | D:5      | Found Wableib's Jewellery Boutique.
  3900 | D:5      | Found a broken altar of Ashenzari.
  3900 | D:5      | Found a sacrificial altar of Ru.
  3948 | D:5      | Reached skill level 4 in Long Blades
  4454 | D:6      | Noticed a two-headed ogre
  4681 | D:6      | Reached skill level 5 in Long Blades
  4690 | D:6      | Found Xisaoh's Weapon Boutique.
  4841 | D:6      | Found a glowing golden altar of the Shining One.
  5038 | D:6      | Found a snail-covered altar of Cheibriados.
  5039 | D:6      | Found a blossoming altar of Fedhas.
  5188 | D:7      | Reached XP level 9. HP: 24/85 MP: 8/8
  5346 | D:7      | Reached skill level 5 in Dodging
  5361 | D:7      | Reached skill level 6 in Long Blades
  5531 | D:5      | Bought a +4 ring of evasion for 360 gold pieces
  6232 | D:7      | Found a staircase to the Ecumenical Temple.
  6240 | Temple   | Entered the Ecumenical Temple
  6560 | Temple   | Became a worshipper of Hepliaklqana the Forgotten
  6560 | Temple   | Reached * piety under Hepliaklqana
  6560 | Temple   | Reached ** piety under Hepliaklqana
  6561 | Temple   | Remembered your ancestor Appius as a battlemage
  7087 | D:8      | Noticed Erica
  7098 | D:8      | Killed Erica
  7099 | D:8      | Reached skill level 5 in Fighting
  7099 | D:8      | Reached skill level 7 in Long Blades
  7128 | D:8      | Found a sand-covered staircase.
  7138 | Ossuary  | Entered an ossuary
  7645 | D:8      | Noticed a two-headed ogre
  7697 | D:7      | Killed a two-headed ogre
  7698 | D:7      | Reached skill level 1 in Throwing
  7698 | D:7      | Reached XP level 10. HP: 37/86 MP: 9/9
  8633 | D:9      | Noticed a sun demon
  8758 | D:9      | Noticed a two-headed ogre
  8764 | D:9      | Killed a two-headed ogre
  8765 | D:9      | Reached skill level 8 in Long Blades
  8810 | D:9      | Reached skill level 5 in Shields
  8862 | D:9      | Found a stormy altar of Qazlal.
  9017 | D:9      | Noticed an oklob plant
  9063 | D:9      | Reached *** piety under Hepliaklqana
  9407 | D:9      | Found a staircase to the Orcish Mines.
  9437 | D:9      | Reached XP level 11. HP: 94/94 MP: 10/10
  9895 | D:9      | Found a faded altar of an unknown god.
  9895 | D:9      | Found an ancient bone altar of Kikubaaqudgha.
  9904 | D:9      | Found a faded altar of an unknown god.
  9907 | D:9      | Found a white marble altar of Elyvilon.
  9909 | D:9      | Found a hide-covered altar of Uskayaw.
 10343 | D:9      | Killed an oklob plant
 10550 | D:10     | Entered Level 10 of the Dungeon
 10716 | D:10     | Found a staircase to the Lair.
 10825 | D:10     | Noticed a two-headed ogre
 10856 | D:10     | Noticed a two-headed ogre
 10866 | D:10     | Killed a two-headed ogre
 10867 | D:10     | Reached skill level 9 in Long Blades
 10918 | D:10     | Killed a two-headed ogre
 10981 | D:10     | Found a shimmering altar of Xom.
 11548 | D:11     | Reached skill level 1 in Armour
 11597 | D:11     | Noticed a two-headed ogre
 11603 | D:11     | Killed a two-headed ogre
 11675 | D:11     | Got the Disquisition on Conjuration
 11867 | D:11     | Noticed Snorg
 11878 | D:11     | Killed Snorg
 11879 | D:11     | Reached XP level 12. HP: 102/102 MP: 11/11
 12300 | D:11     | Noticed a boulder beetle
 12300 | D:11     | Noticed a two-headed ogre
 12782 | D:12     | Found Asuhod's Magic Scroll Boutique.
 12874 | D:12     | Noticed a boulder beetle
 12898 | D:12     | Killed a boulder beetle
 12911 | D:12     | Noticed a two-headed ogre
 12915 | D:12     | Killed a two-headed ogre
 12916 | D:12     | Reached skill level 10 in Long Blades
 12994 | D:12     | Noticed a six-headed hydra
 13024 | D:12     | Killed a three-headed hydra
 13248 | D:12     | Noticed an eight-headed hydra
 13357 | D:12     | Killed a five-headed hydra
 13689 | D:12     | Reached **** piety under Hepliaklqana
 14228 | D:13     | Noticed an eight-headed hydra
 14301 | D:13     | Killed a three-headed hydra
 14820 | D:13     | Reached XP level 13. HP: 66/111 MP: 12/12
 14887 | D:13     | Found a gate to the Vaults.
 15505 | D:14     | Noticed Agnes
 15811 | D:14     | Found a broken altar of Ashenzari.
 15909 | D:14     | Killed Agnes
 15910 | D:14     | Reached skill level 11 in Long Blades
 15968 | D:14     | You fall into a shaft and drop 1 floor!
 15968 | D:15     | Entered Level 15 of the Dungeon
 16162 | D:15     | Paralysed by an orc sorcerer for 3 turns
 16261 | D:14     | Found Biedie's Book Shop.
 16332 | D:14     | Noticed Kirke
 16344 | D:14     | Killed Kirke
 16454 | D:14     | Identified the +5 broad axe of Dust {antimagic, Dex+3}
 17049 | D:12     | Bought a scroll of enchant armour for 105 gold pieces
 17049 | D:12     | Bought a scroll of identify for 28 gold pieces
 17150 | D:11     | You fall into a shaft and drop 2 floors!
 17312 | Lair:1   | Entered Level 1 of the Lair of Beasts
 17823 | Lair:1   | Reached ***** piety under Hepliaklqana
 18901 | Lair:2   | Found a transporter.
 18931 | Lair:2   | Found a transporter.
 19955 | Lair:2   | Reached XP level 14. HP: 113/122 MP: 13/13
 20482 | Lair:3   | Reached skill level 10 in Shields
 20861 | Lair:3   | Identified the +5 scythe of Lifal {protect, rC+ Int+4}
 20913 | Lair:3   | Gained mutation: You are somewhat resistant to further
                  | mutation. [potion of mutation]
 21088 | Lair:3   | Identified the +1 plate armour of Majestic the Leaf {-Tele
                  | Contam Will+++ Int+10}
 21970 | Lair:4   | Found a staircase to the Shoals.
 22002 | Lair:4   | HP: 6/123 [poisoned by a water moccasin]
 22007 | Lair:4   | HP: 3/123 [poisoned by a water moccasin]
 22007 | Lair:4   | HP: 1/123 [water moccasin (2)]
 22231 | Lair:4   | Found a staircase to the Snake Pit.
 22350 | Lair:4   | Noticed Rupert
 22364 | Lair:4   | Paralysed by Rupert for 7 turns
 22365 | Lair:4   | Reached skill level 12 in Long Blades
 22373 | Lair:4   | HP: 3/112 [Rupert/+1 great sword of draining (24)]
 22373 | Lair:4   | Slain by Rupert

Illustrated notes

Levels and vault maps discovered:
D:1:      evilmike_arrival_crescent, layout_rooms,
          hangedman_decor_clover_reticule, chequers_serial_rivers_micro_e
D:2:      layout_loops_ring, dreamdust_ecumenical_altar_grove,
          minmay_misc_feat_nine_boxes, minmay_bisected
D:3:      layout_loops_ring, uniq_ijyb
D:4:      layout_loops_ring, kennysheep_mini_moat
D:5:      layout_layer_cave, grunt_temple_overflow_opulence,
          amethyst_overflow_temple_binary, serial_shops, shop,
          minmay_misc_feat_tiny, grunt_tough_drop
D:6:      layout_cave_pools, nicolae_tso_besieged_by_evil, minitemple,
          serial_shops, shop, lightli_corner_chamber
D:7:      layout_loops_ring, minmay_temple_entry_glassed_door,
          minmay_unpleasant_kobolds
D:8:      layout_layer_cave, enter_ossuary_3, minivault_23, uniq_erica
D:9:      minmay_razor_zed, layout_basic, nicolae_overflow_crystal_walls,
          chequers_temple_overflow_minitemple, introduction_to_nature_2
D:10:     layout_basic, general_overflow_altar, david_lair_generic
D:11:     layout_rooms, minivault_16, pond, uniq_snorg
D:12:     lemuel_flame_loot_2, layout_loops_ring, serial_shops, shop,
          minmay_orc_keep
D:13:     layout_roguey, david_vaults_4
D:14:     layout_basic, nicolae_ashenzari_skybound, serial_shops, shop,
          uniq_kirke, uniq_agnes
D:15:     grunt_enter_depths_magical_seal, layout_cave_pods,
          minmay_misc_feat_four_crosses, nicolae_shop_firing_range
Temple:   compressed_dpeg_triangle_lava_temple
Lair:1:   layout_regular_city
Lair:2:   gammafunk_boulding_lane, layout_layer_cave
Lair:3:   layout_cave_pods, minmay_hedge_maze
Lair:4:   layout_cave_pods, elwin_shoals_entry_stream,
          minmay_snake_entry_six_corridors, uniq_rupert, uniq_sonja
Lair:5:   nzn_winding_woodlands_stair_trap [nzn_winding_woodlands_5x15_garden,
          nzn_winding_woodlands_5x15_jagged, nzn_winding_woodlands_5x15_twine,
          nzn_winding_woodlands_15x15_five_gardens,
          nzn_winding_woodlands_5x15_crooked,
          nzn_winding_woodlands_5x15_pathside_ponds,
          nzn_winding_woodlands_5x15_pockets], layout_hall_layers,
          infiniplex_staircase_pool, uniq_nessos

Skill      XL: |  1  2  3  4  5  6  7  8  9 10 11 12 13 14 |
---------------+-------------------------------------------+-----
Maces & Flails | 3 4 |  4.9
Dodging        | 3 4 5 6 7 8 |  8.7
Fighting       | 3 4 5 6 7 8 |  8.4
Long Blades    | 1 2 3 5 7 8 9 10 11 12 | 12.0
Shields        | 1 2 4 5 7 8 9 10 | 10.2
Stealth        | 2 3 4 |  4.2
Throwing       | 1 3 4 |  4.9
Armour         | 2 3 4 |  4.8

Action                   |  1- 3 |  4- 6 |  7- 9 | 10-12 | 13-15 || total
-------------------------+-------+-------+-------+-------+-------++-------
Melee: Mace              |   142 |    51 |       |       |       ||   193
       Long sword        |       |    44 |   312 |   387 |   383 ||  1126
       Punch             |       |     3 |     4 |       |       ||     7
Throw: Stone             |    20 |       |       |       |       ||    20
       Boomerang         |       |       |     6 |    54 |       ||    60
       Large rock        |       |       |       |       |    22 ||    22
Invok: Ancestor Life: Ba |       |       |     1 |       |       ||     1
       Recall Ancestor   |       |       |       |       |     2 ||     2
  Use: Scroll            |       |       |     8 |     8 |     8 ||    24
       Potion            |       |       |       |     3 |     7 ||    10
 Stab: Sleeping          |     1 |     3 |     4 |       |       ||     8
       Distracted        |       |       |     1 |     9 |     5 ||    15
Armor: Robe              |    48 |    26 |   101 |    29 |       ||   204
       Acid dragon scale |       |       |       |    53 |    52 ||   105
Dodge: Dodged            |    90 |    44 |   132 |   225 |   136 ||   627
Block: Other             |     1 |    21 |    46 |       |       ||    68
       Reflection        |       |     1 |     6 |    33 |    12 ||    52
       Kite shield       |       |       |   112 |   290 |       ||   402
       Tower shield      |       |       |       |   134 |   380 ||   514
